 Dungeon Crawl Stone Soup version 0.18-a0-1060-g4fac74f (webtiles) character file.

172 namelastname112 the Sneak (level 5, -1/42 HPs)
             Began as a Draconian Wizard on Jan 12, 2016.
             Killed by nerve-wracking pain
             ... invoked by an orc priest
              (12 damage)
             ... on level 3 of the Dungeon.
             The game lasted 00:06:33 (3740 turns).

namelastname112 the Sneak (Draconian Wizard)        Turns: 3740, Time: 00:06:33

Health: -1/42      AC:  5    Str:  9    XL:     5   Next: 27%
Magic:  9/9        EV: 12    Int: 18    God:
Gold:   113        SH:  0    Dex: 11    Spells: 1 memorised, 9 levels left

rFire  . . .     SeeInvis +     h - +0 dagger
rCold  . . .     Gourm    .     (armour unavailable)
rNeg   . . .     Faith    .     (no shield)
rPois  +         Spirit   .     a - +0 hat
rElec  .         Dismiss  .     (no cloak)
rCorr  .         Reflect  .     (no gloves)
SustAt .         Harm     .     (no boots)
MR     .....                    (no amulet)
Stlth  +.........               t - ring of poison resistance
                                r - ring of see invisible

@: confused, very slightly contaminated, not resistant to hostile enchantments,
very unstealthy
A: unfitting armour, cold-blooded, AC +5
a: no special abilities


You were on level 3 of the Dungeon.
You were hungry.

You visited 1 branch of the dungeon, and saw 4 of its levels.

You collected 113 gold pieces.

Inventory:

Hand Weapons
 h - a +0 dagger (weapon)
Armour
 a - a +0 hat (worn)
Jewellery
 r - a ring of see invisible (left hand)
 t - a ring of poison resistance (right hand)
Wands
 p - a wand of digging (14/24)
Scrolls
 e - 2 scrolls of blinking {unknown}
 f - 2 scrolls of identify
 n - a scroll of amnesia {unknown}
 s - a scroll of remove curse {unknown}
 u - a scroll of magic mapping {unknown}
Potions
 d - a potion of curing
 i - 3 potions of brilliance
 l - a potion of degeneration {unknown}
 m - 2 potions of might
 q - a potion of heal wounds {unknown}
 v - a potion of haste {unknown}
Books
 b - a book of Minor Magic

   Spells                             Type                      Level
   a - Magic Dart                     Conjuration                  1
   b - Blink                          Translocation                2
   c - Call Imp                       Summoning                    2
   d - Repel Missiles                 Charms/Air                   2
   e - Slow                           Hexes                        2
   f - Conjure Flame                  Conjuration/Fire             3
   g - Mephitic Cloud                 Conjuration/Poison/Air       3
Comestibles
 c - 2 bread rations
 j - a slice of pizza
 k - 6 fruits
 o - 2 meat rations


   Skills:
 + Level 2.4 Fighting
 * Level 2.1 Short Blades
 + Level 2.8 Dodging
 * Level 3.3 Stealth
 - Level 3.0 Spellcasting
 - Level 1.0 Conjurations
   Level 1.0 Summonings
   Level 1.0 Translocations


You had 9 spell levels left.
You knew the following spells:

 Your Spells              Type           Power        Failure   Level  Hunger
z - Magic Dart            Conj           #...         12%         1    None


Dungeon Overview and Level Annotations

Branches:
Dungeon (4/15)
 Temple: D:4-7

Altars:
Makhleb
Sif Muna

Annotations:
D:2 Sigmund


Innate Abilities, Weirdness & Mutations

Your plain brown scales are hard (AC +5).
Your body does not fit into most forms of armour.
You are cold-blooded and may be slowed by cold attacks.


Message History

Something smites you!
* * * LOW HITPOINT WARNING * * *
There is an escape hatch in the ceiling here.
The orc priest hits you but does no damage.
The orc hits you but does no damage. A mysterious force pulls you upwards.
The hatch slams shut behind you.
Drink which item? (? for menu, Esc to quit)
You feel better.
The orc priest invokes the aid of Beogh against you.
Something smites you!
* * * LOW HITPOINT WARNING * * *
The orc hits you with a dagger.
* * * LOW HITPOINT WARNING * * *
Drink which item? (? for menu, Esc to quit)
You are confused.
You feel invigorated. The orc priest misses you. The orc barely misses you.
You bump into the rock wall.
The orc hits you but does no damage.
The orc priest calls down the wrath of Beogh upon you.
Pain shoots through your body!
You die...

#.........<........#
#................#.##
#......###########..#
#......# #...#
#......# #...#
#......# ##..##
#......# #...#
#.....o# #...#
######@# ##รท..# #o#
###...## #.#
###.....# #.#
##......## #.#
#.....### #.###...###
#.##...## #.##...#
#.##...#


You could see an orc priest and an orc.

Vanquished Creatures
  Jessica (D:2)
  6 adders
  An adder skeleton (D:4)
  2 giant geckos (D:1)
  An orc (D:3)
  13 bats
  4 giant cockroaches
  12 goblins
  12 hobgoblins
  4 jackals (D:1)
  2 quokkas
  11 giant newts
  10 kobolds
  6 rats
85 creatures vanquished.

Notes
Turn   | Place    | Note
--------------------------------------------------------------
     0 | D:1      | namelastname112 the Draconian Wizard began the quest for the Orb.
     0 | D:1      | Reached XP level 1. HP: 14/14 MP: 4/4
   254 | D:1      | Reached XP level 2. HP: 11/22 MP: 1/6
   259 | D:1      | Reached skill level 1 in Fighting
   881 | D:1      | Reached XP level 3. HP: 28/28 MP: 0/7
  1457 | D:2      | Reached skill level 1 in Short Blades
  1555 | D:2      | Reached XP level 4. HP: 35/35 MP: 1/8
  1628 | D:2      | Noticed Jessica
  1636 | D:2      | Killed Jessica
  1813 | D:2      | Found a burning altar of Makhleb.
  1813 | D:2      | Noticed a green death
  1910 | D:2      | Noticed Sigmund
  2754 | D:3      | Reached XP level 5. HP: 42/42 MP: 3/9
  2887 | D:3      | Found a deep blue altar of Sif Muna.
  3738 | D:3      | HP: 2/42 [orc/dagger (1)]
  3740 | D:3      | Killed from afar by an orc priest

Vault maps used:
D:1:      roderic_dead_forest, roderic_bipointed_swastika
D:2:      supply_closet_lemuel, minmay_misc_feat_x, columned_hall_lemuel,
          makhleb_altar_promises_db, uniq_sigmund, uniq_jessica
D:3:      lemuel_crystal_altar, serial_curves, eino_curves_02, eino_curves_02,
          eino_curves_04, eino_curves_04, first_bread, patterned_corridor
D:4:      grunt_temple_overflow_bloody_war, old_standard_altar, serial_shops,
          shop_fountains

Action                   |  1- 3 |  4- 6 || total
-------------------------+-------+-------++-------
Melee: Unarmed           |    91 |       ||    91
       Dagger            |    73 |   105 ||   178
 Cast: Magic Dart        |    75 |    70 ||   145
  Use: Scroll            |       |     4 ||     4
       Potion            |       |     3 ||     3
 Stab: Sleeping          |       |     2 ||     2
  Eat: Chunk             |     2 |     2 ||     4
       Bread ration      |       |     1 ||     1
